 Dungeon Sprint DCSS version 0.23.2-1-ga50397a (webtiles) character file.

Game seed: 4455122311953110243

1582 wilfster70 the Spear-Bearer (level 8, 0/124 HPs)
             Began as a Purple Draconian Berserker on May 24, 2019.
             Was a High Priest of Trog.
             Slain by a ten-headed hydra (2 damage)
             ... in the Dungeon (Sprint IX: "|||||||||||||||||||||||||||||").
             The game lasted 00:02:15 (657 turns).

wilfster70 the Spear-Bearer (DrBe)                   Turns: 657, Time: 00:02:15

Health: 0/124      AC:  9    Str: 25    XL:     8   Next: 60%
Magic:  8/8        EV: 19    Int:  8    God:    Trog [*****.]
Gold:   0          SH:  0    Dex: 15    Spells: 7/7 levels left

rFire    . . .     SeeInvis .   a - +6 halberd (venom)
rCold    . . .     Gourm    .   (shield currently unavailable)
rNeg     . . .     Faith    .   (armour unavailable)
rPois    .         Spirit   .   (helmet restricted)
rElec    .         Reflect  .   (no cloak)
rCorr    .         Harm     .   m - +0 pair of gloves
MR       +....     NoTele   +   (no boots)
Stlth    ..........             (no amulet)
HPRegen  0.30/turn              n - +2 ring of protection
MPRegen  0.11/turn              o - +3 ring of dexterity

@: berserking, very quick
A: breathe power, unfitting armour, cold-blooded, AC +6
a: Breathe Dispelling Energy, Berserk, Trog's Hand, Brothers in Arms, Renounce
Religion


You were in the Dungeon.
You worshipped Trog.
Trog was extremely pleased with you.
You were hungry.

You visited 1 branch

Inventory:

Hand Weapons
 a - a +6 halberd of venom (weapon)
Armour
 m - a +0 pair of gloves (worn)
Jewellery
 n - a +2 ring of protection (left hand)
 o - a +3 ring of dexterity (right hand)
Wands
 l - a wand of acid (10)
Scrolls
 h - 3 scrolls of blinking
 k - 7 scrolls of remove curse
Potions
 c - 5 potions of curing
 d - 5 potions of heal wounds
 e - a potion of haste
 f - 4 potions of magic
 g - 4 potions of berserk rage
 i - a potion of brilliance
 j - a potion of invisibility
 p - a potion of resistance
Comestibles
 b - a ration


   Skills:
 + Level 12.0 Fighting
 - Level 12.2 Polearms
 + Level 10.3 Dodging


You had 7 spell levels left.
You didn't know any spells.
Your spell library was empty.

Dungeon Overview and Level Annotations

Branches:
Dungeon (1/1)

Altars:
Cheibriados
Dithmenos
Elyvilon
Fedhas
Gozag
Hepliaklqana
Kikubaaqudgha
Makhleb
Nemelex Xobeh
Okawaru
Qazlal
Ru
Sif Muna
Trog
Uskayaw
Vehumet
Wu Jian
Xom
Yredelemnul
Zin
The Shining One
Beogh
Jiyva
Lugonu


Innate Abilities, Weirdness & Mutations

You can breathe bolts of dispelling energy.
Your rich purple scales are hard. (AC +6)
You cannot fit into any form of body armour.
You are cold-blooded and may be slowed by cold attacks.


Message History

You hack one of the eight-headed hydra's heads off!
The seven-headed hydra grows two more!
You slice the nine-headed hydra!! You tail-slap the nine-headed hydra!
The nine-headed hydra is severely wounded.
You lop one of the nine-headed hydra's heads off!
The eight-headed hydra grows two more!
You slash the ten-headed hydra!
The ten-headed hydra is severely wounded.
The porcupine twitches its whiskers.
The ten-headed hydra bites you.
* * * LOW HITPOINT WARNING * * *
The ten-headed hydra completely misses you.
The ten-headed hydra bites you.
* * * LOW HITPOINT WARNING * * *
The ten-headed hydra closely misses you.
The ten-headed hydra bites you.
* * * LOW HITPOINT WARNING * * *
The ten-headed hydra barely misses you. The ten-headed hydra bites you.
* * * LOW HITPOINT WARNING * * *
The ten-headed hydra misses you. The ten-headed hydra bites you.
You die...

▓▓▓▓▓▓▓▓▓▓▓▓▓▓▓▓▓▓▓▓▓▓▓▓
...'......).....@DFrFSSF
▓▓▓▓▓▓▓▓▓▓▓▓▓▓▓▓▓▓▓▓▓▓▓▓▓▓▓▓▓▓▓▓▓
.................................
▓▓▓▓▓▓▓▓▓▓▓▓▓▓▓▓▓▓▓▓▓▓▓▓▓▓▓▓▓▓▓▓▓
).....'..†÷.'____________________
▓▓▓▓▓▓▓▓▓▓▓▓▓▓▓▓▓▓▓▓▓▓▓▓▓▓▓▓▓▓▓▓▓


You could see a ten-headed hydra, 2 spiny frogs, 2 water moccasins, a bullfrog
and a porcupine.

Vanquished Creatures
  An unseen horror (D)
  A troll (D)
  A wyvern (D)
  2 acid dragons (D)
  An ice beast (D)
  A sky beast (D)
  A centaur (D)
  A big kobold (D)
  A scorpion (D)
  A crimson imp (D)
  A jelly (D)
  An iguana (D)
  An adder (D)
  A worm (D)
  A leopard gecko (D)
  A ball python (D)
  2 hobgoblins (D)
  A goblin (D)
  A jackal skeleton (D)
  A rat (D)
22 creatures vanquished.

Notes
Turn   | Place    | Note
-------+----------+-------------------------------------------
     0 | D        | wilfster70 the Draconian Berserker began the quest for the
                  | Orb.
     0 | D        | Reached XP level 1. HP: 19/19 MP: 1/1
    10 | D        | Reached ** piety under Trog
    37 | D        | Noticed a sky beast
    37 | D        | Noticed a crimson imp
    37 | D        | Noticed an iguana
    40 | D        | Killed a sky beast
    40 | D        | Reached skill level 5 in Fighting
    40 | D        | Reached XP level 2. HP: 30/30 MP: 2/2
    40 | D        | Reached XP level 3. HP: 37/37 MP: 3/3
    40 | D        | Reached XP level 4. HP: 44/44 MP: 4/4
    50 | D        | Reached *** piety under Trog
    50 | D        | Reached skill level 5 in Dodging
    57 | D        | Reached XP level 5. HP: 51/51 MP: 5/5
    95 | D        | Found a roughly hewn altar of Beogh.
    95 | D        | Found a snail-covered altar of Cheibriados.
    95 | D        | Found a shadowy altar of Dithmenos.
    95 | D        | Found a white marble altar of Elyvilon.
    95 | D        | Found a blossoming altar of Fedhas.
    95 | D        | Found an opulent altar of Gozag.
    96 | D        | Found a hazy altar of Hepliaklqana.
    97 | D        | Found a viscous altar of Jiyva.
    98 | D        | Found an ancient bone altar of Kikubaaqudgha.
    99 | D        | Found a corrupted altar of Lugonu.
   100 | D        | Found a burning altar of Makhleb.
   101 | D        | Found a sparkling altar of Nemelex Xobeh.
   102 | D        | Found an iron altar of Okawaru.
   103 | D        | Found a stormy altar of Qazlal.
   104 | D        | Found a sacrificial altar of Ru.
   105 | D        | Found a deep blue altar of Sif Muna.
   106 | D        | Found a bloodstained altar of Trog.
   107 | D        | Found a hide-covered altar of Uskayaw.
   108 | D        | Found a radiant altar of Vehumet.
   109 | D        | Found an ornate altar of the Wu Jian Council.
   110 | D        | Found a shimmering altar of Xom.
   111 | D        | Found a basalt altar of Yredelemnul.
   112 | D        | Found a glowing silver altar of Zin.
   113 | D        | Found a glowing golden altar of the Shining One.
   150 | D        | Noticed a wyvern
   150 | D        | Noticed an ice beast
   153 | D        | Reached **** piety under Trog
   158 | D        | Killed a wyvern
   158 | D        | Reached skill level 10 in Polearms
   158 | D        | Reached XP level 6. HP: 41/61 MP: 6/6
   166 | D        | Killed an ice beast
   169 | D        | Reached ***** piety under Trog
   264 | D        | Noticed an acid dragon
   264 | D        | Noticed a troll
   264 | D        | Noticed an acid dragon
   268 | D        | Killed an acid dragon
   268 | D        | Your scales start taking on a rich purple colour.
   268 | D        | Reached XP level 7. HP: 63/70 MP: 7/7
   274 | D        | Killed a troll
   275 | D        | Killed an unseen horror
   275 | D        | Reached XP level 8. HP: 61/82 MP: 8/8
   278 | D        | Received a gift from Trog
   278 | D        | Reached skill level 10 in Dodging
   649 | D        | Noticed a spiny frog
   649 | D        | Noticed a six-headed hydra
   649 | D        | Noticed a spiny frog
   657 | D        | HP: 2/124 [ten-headed hydra (6)]
   657 | D        | Slain by a ten-headed hydra

Skill      XL: |  1  2  3  4  5  6  7  8 |
---------------+-------------------------+-----
Dodging        | 4 5 6 7 9 10 | 10.3
Fighting       | 5 6 8 9 11 12 | 12.0
Polearms       | 6 8 10 11 12 | 12.2

Action                   |  1- 3 |  4- 6 |  7- 9 || total
-------------------------+-------+-------+-------++-------
Melee: Spear             |    16 |    13 |       ||    29
       Tailslap          |     4 |     4 |     6 ||    14
       Halberd           |       |    18 |    18 ||    36
Invok: Berserk           |     1 |     2 |     1 ||     4
  Use: Scroll            |       |       |     4 ||     4
 Stab: Sleeping          |       |     1 |       ||     1
  Eat: Chunk             |       |       |     2 ||     2
Armor: Skin              |     6 |     2 |     4 ||    12
Dodge: Dodged            |     6 |    18 |    21 ||    45
